 Dungeon Crawl Stone Soup version 0.29-a0-555-g3b24f45cc1 (webtiles) character file.

Game seed: 8669495209071387061

231 zeratav the Grave Robber (level 5, -11/35 HPs)
             Began as a Demonspawn Necromancer on June 7, 2022.
             Killed from afar by a kobold (16 damage)
             ... with a bolt of acid
             ... on level 4 of the Dungeon.
             The game lasted 00:07:11 (3360 turns).

zeratav the Grave Robber (Demonspawn Necromancer)   Turns: 3360, Time: 00:07:12

Health: -11/35     AC: -2    Str:  8    XL:     5   Next: 73%
Magic:  3/10       EV: 12    Int: 19    God:
Gold:   179        SH:  0    Dex: 13    Spells: 6/11 levels left

rFire   . . .      SeeInvis .   c - +0 dagger {short}
rCold   . . .      Faith    .   (no shield)
rNeg    . . .      Spirit   .   a - +0 robe
rPois   .          Reflect  .   (helmet restricted)
rElec   .          Harm     .   (no cloak)
rCorr   .          Rampage  .   (no gloves)
Will    .....                   (no boots)
Stlth   ++........              i - amulet of the acrobat
HPRegen 0.11/turn               d - ring of wizardry
MPRegen 0.24/turn               (no ring)

@: corroded, animating dead
A: antennae 2, magic regeneration
a: no special abilities


You were on level 4 of the Dungeon.
You visited 1 branch of the dungeon, and saw 4 of its levels.

You collected 179 gold pieces.


Innate Abilities, Weirdness & Mutations

You have a pair of antennae on your head.
You regenerate magic rapidly.


   Skills:
 - Level 1.7 Dodging
 - Level 1.7 Stealth
 + Level 3.5 Spellcasting
 * Level 6.8 Necromancy


You had 6 spell levels left.
You knew the following spells:

 Your Spells              Type           Power      Damage    Failure   Level
a - Necrotize             Necr           100%       1d9       1%          1
b - Animate Dead          Necr           29%        N/A       3%          4

Your spell library contained the following spells:

 Spells                   Type           Power      Damage    Failure   Level
 Vampiric Draining        Necr           29%        2d8       1%          3
 Summon Small Mammal      Summ           12%        N/A       6%          1
 Agony                    Necr           29%        N/A       10%         5
 Call Canine Familiar     Summ           3%         N/A       17%         3
 Stone Arrow              Conj/Erth      6%         3d7       17%         3
 Summon Guardian Golem    Hex/Summ       3%         N/A       17%         3
 Animate Armour           Summ/Erth      6%         N/A       47%         4
 Lehudib's Crystal Spear  Conj/Erth      1%         10d2      100%        8

Inventory:

Hand Weapons
 c - a +0 dagger (weapon) {short}
   (You took it off a kobold on level 1 of the Dungeon)
Armour
 a - a +0 robe (worn)
 k - a +0 robe
   (You found it on level 1 of the Dungeon)
 m - a +0 ring mail
   (You found it on level 1 of the Dungeon)
 o - a +0 helmet
   (You found it on level 2 of the Dungeon)
 q - a +0 scale mail
   (You found it on level 2 of the Dungeon)
 x - a +0 chain mail
   (You took it off Terence on level 3 of the Dungeon)
 C - a +0 plate armour
   (You found it on level 4 of the Dungeon)
Jewellery
 d - a ring of wizardry (left hand)
   (You found it on level 1 of the Dungeon)
 i - an amulet of the acrobat (around neck)
   (You found it on level 1 of the Dungeon)
Wands
 p - a wand of iceblast (10)
   (You found it on level 2 of the Dungeon)
Scrolls
 f - 5 scrolls of identify {unknown}
 h - a scroll of amnesia {unknown}
 j - 2 scrolls of vulnerability {!r!r}
 n - a scroll of acquirement {unknown}
 r - a scroll of poison {unknown}
 s - a scroll of noise {unknown}
 y - a scroll of teleportation {unknown}
 z - a scroll of enchant armour {unknown}
 A - a scroll of enchant weapon {unknown}
Potions
 b - a potion of magic
 e - 5 potions of might {unknown}
 g - a potion of cancellation {unknown}
 l - 2 potions of degeneration {unknown}
 t - a potion of attraction {unknown}
 u - 2 potions of mutation {unknown}
 v - a potion of flight {unknown}
 w - 2 potions of curing {unknown}
 B - a potion of haste {unknown}

Dungeon Overview and Level Annotations

Branches:
Dungeon (4/15)
 Temple: D:4-7

Altars:

Shops:
D:3

[ #....#..## #
## #...## P..
#....♣ .).
#..♣.♣♣♣## ....
####P....#
.KZ..
#..P.♣♣#♣♣)....
###.P.P..PK....
{ ##.....KK...†
##♣♣@KKKK.†.
#.PKKK..§§
###PKKK.§§
PK....† ♣♣K....
..... .... ....


You could see a kobold brigand, 15 kobolds and a friendly kobold zombie.


Message History

Aiming: Necrotize (safe; 1% risk of failure)
Press: ? - help, Shift-Dir - straight line, f - kobold, p - kobold
Aim: a kobold, wielding a +0 whip (chance to affect: 93%)
The kobold writhes in agony.
The kobold shouts! x2
The kobold hits the plant with a +0 whip.
The plant begins to die.
A kobold brigand comes into view.
It is wielding a +0 dagger and quivering curare-tipped darts.
MP[-1]
You lost 1 mp, and now have 5/10 mp.
You hit the kobold but do no damage. The kobold misses you.
The kobold hits the plant with a +0 club.
The plant begins to die.
The kobold closely misses you.
The kobold hits the plant with a +0 dagger of venom.
The plant begins to die.
The kobold hits the plant with a +0 whip.
A kobold comes into view. It is wielding a +0 short sword.
MP[+1]
You closely miss the kobold. The kobold hits you with a +0 dagger.
The kobold hits the plant with a +0 short sword.
The kobold hits the plant with a +0 club.
The kobold hits you with a +0 dagger.
The kobold hits the plant with a +0 dagger of venom.
The kobold hits the plant with a +0 dagger.
The plant begins to die.
The kobold hits the plant with a +0 whip.
The kobold hits the plant with a +0 club.
The kobold zaps a wand.
The bolt of acid hits the kobold!!
The acid corrodes the kobold!
The kobold dies!
The bolt of acid hits the plant!!
The acid corrodes the plant!
The bolt of acid hits the plant!
The bolt of acid hits you!!
Ouch! That really hurt!
* * * LOW HITPOINT WARNING * * *
The acid corrodes you!
HP[-30]
You take 30 damage, and now have 5/35 hp.
MASSIVE DAMAGE!! (PAUSE)
Casting: Necrotize (safe; 1% risk of failure)
Confirm with . or Enter, or press ? or * to list all spells.
Aiming: Necrotize (safe; 1% risk of failure)
Press: ? - help, Shift-Dir - straight line, f/p - kobold
Aim: a kobold, wielding a +0 whip (severely wounded, chance to affect: 93%)
The kobold writhes in agony.
You kill the kobold!
The dead are walking!
The kobold hits the plant with a +0 short sword.
The kobold hits the plant with a +0 club.
The kobold barely misses your kobold zombie.
The kobold hits your kobold zombie with a +0 whip.
The kobold hits your kobold zombie with a +0 dagger.
The kobold hits the plant with a +0 dagger.
The kobold hits your kobold zombie with a +0 club.
Your kobold zombie is destroyed!
MP[-1]
You lost 1 mp, and now have 5/10 mp.
Casting: Necrotize (safe; 1% risk of failure)
Confirm with . or Enter, or press ? or * to list all spells.
Aiming: Necrotize (safe; 1% risk of failure)
Press: ? - help, Shift-Dir - straight line, f/p - kobold
Aim: a kobold, wielding a +0 whip (severely wounded, chance to affect: 93%)
The kobold writhes in agony!
You kill the kobold!
The dead are walking!
A nearby plant withers and dies. x3
The kobold hits the plant with a +0 club.
The kobold hits the plant with a +0 short sword.
The kobold hits the plant with a +0 club.
The kobold hits the plant with a +0 dagger.
The kobold hits your kobold zombie with a +0 dagger.
The kobold hits your kobold zombie with a +0 dagger of venom.
The kobold zaps a wand.
The bolt of acid hits the kobold!!!
The acid corrodes the kobold!
The kobold dies!
The bolt of acid hits the plant!!
The plant seems to be corroded for longer.
The bolt of acid misses you.
The dead are walking!
The kobold hits your kobold zombie with a +0 club.
Your kobold zombie is destroyed!
MP[-1]
You lost 1 mp, and now have 4/10 mp.
Casting: Necrotize (safe; 1% risk of failure)
Confirm with . or Enter, or press ? or * to list all spells.
Aiming: Necrotize (safe; 1% risk of failure)
Press: ? - help, Shift-Dir - straight line, f - kobold
Aim: a kobold, wielding a +0 dagger (ally target, chance to affect: 93%)
The kobold writhes in agony!
You kill the kobold!
The dead are walking!
The kobold hits your kobold zombie with a +0 club.
The kobold hits the plant with a +0 club.
The kobold barely misses your kobold zombie.
The kobold hits the plant with a +0 dagger.
The kobold zaps a wand.
The bolt of acid hits the plant!
The plant seems to be corroded for longer.
The bolt of acid hits your kobold zombie!!
The acid corrodes your kobold zombie!
Your kobold zombie is destroyed!
The bolt of acid hits you!
You die...

Skill      XL: |  1  2  3  4 |
---------------+-------------+-----
Necromancy     | 5 6 |  6.8
Spellcasting   | 3 |  3.5
Dodging        | |  1.7
Stealth        | |  1.7

Action                   |  1- 3 |  4- 6 || total
-------------------------+-------+-------++-------
Melee: Dagger            |     3 |    19 ||    22
       Unarmed           |     1 |       ||     1
 Cast: Necrotize         |    65 |    67 ||   132
       Animate Dead      |       |     3 ||     3
  Use: Scroll            |       |     2 ||     2
Armor: Robe              |     6 |     6 ||    12
Dodge: Dodged            |    16 |    24 ||    40

Levels and vault maps discovered:
D:1:      lightli_arrival_statuegarden, layout_loops_ring
D:2:      layout_basic, shapermc_ecumenical_altar_starsandcircs
D:3:      layout_basic, serial_shops, nicolae_square_shop, uniq_terence
D:4:      kennysheep_kobold_camp, layout_basic, minmay_misc_feat_pillars,
          uniq_eustachio

Notes
Turn   | Place    | Note
-------+----------+-------------------------------------------
     0 | D:1      | zeratav the Demonspawn Necromancer began the quest for the
                  | Orb.
     0 | D:1      | Reached XP level 1. HP: 13/13 MP: 3/3
     0 | D:1      | magus.rc [v1.9.6]
   237 | D:1      | Gained mutation: You regenerate magic rapidly. [demonic
                  | ancestry]
   237 | D:1      | Reached XP level 2. HP: 19/19 MP: 0/5
   525 | D:1      | Reached skill level 5 in Necromancy
   993 | D:2      | Reached XP level 3. HP: 24/24 MP: 3/6
  1252 | D:2      | Found a faded altar of an unknown god.
  1356 | D:2      | You fall into a shaft and drop 1 floor!
  1449 | D:3      | Gained mutation: You have a pair of small antennae on your
                  | head. [demonic ancestry]
  1449 | D:3      | Reached XP level 4. HP: 30/30 MP: 4/8
  2277 | D:3      | Learned a level 4 spell: Animate Dead
  2356 | D:3      | Reached skill level 3 in Spellcasting
  2433 | D:3      | Noticed Terence
  2439 | D:3      | Reached skill level 6 in Necromancy
  2447 | D:3      | Killed Terence
  2655 | D:3      | You pick up a book of Callings and begin reading...
  2655 | D:3      | You add the spells Summon Small Mammal, Call Canine
                  | Familiar and Summon Guardian Golem to your library.
  2687 | D:3      | Gained mutation: You have a pair of antennae on your head.
                  | [demonic ancestry]
  2687 | D:3      | Reached XP level 5. HP: 35/35 MP: 6/9
  2703 | D:3      | You pick up a book of Armaments and begin reading...
  2703 | D:3      | You add the spells Stone Arrow, Animate Armour and
                  | Lehudib's Crystal Spear to your library.
  2763 | D:3      | Found Xolublee's Armour Shop.
  2984 | D:4      | Noticed an ogre
  2991 | D:4      | HP: 4/35 [ogre/+0 giant club (31)]
  3000 | D:4      | Killed an ogre
  3357 | D:4      | HP: 5/35 [kobold/bolt of acid (28)]
  3360 | D:4      | Killed from afar by a kobold

Vanquished Creatures
  An ogre (D:4)
  Terence (D:3)
  3 adders
  3 worms
  2 dart slugs (D:1)
  6 ball pythons
  8 bats
  5 endoplasms
  2 giant cockroaches
  3 goblins
  9 hobgoblins
  5 jackals
  3 quokkas
  4 frilled lizards
  10 kobolds
  6 rats
71 creatures vanquished.

Vanquished Creatures (collateral kills)
  2 dart slugs (D:3)
  An orc (D:4)
  An endoplasm (D:2)
  A giant cockroach (D:4)
  A quokka (D:4)
  A frilled lizard (D:3)
  A rat (D:3)
8 creatures vanquished.

Vanquished Creatures (others)
  2 kobolds (D:4)
  A hobgoblin zombie (D:4)
  3 kobold zombies (D:4)
  An orc zombie (D:4)
  3 plants (D:4)
10 creatures vanquished.

Grand Total: 89 creatures vanquished

Table legend:
 A = Non-vault XP
 B = Vault XP
 C = Vault XP percentage of total XP
 D = Non-vault monster count
 E = Vault monster count
 F = Vault count percentage of total count
                 A         B        C        D         E       F
            +---------+---------+-------+---------+---------+-------
      Total |     293 |      40 |  12.0 |      75 |       4 |   5.1
            +---------+---------+-------+---------+---------+-------
        D:1 |      40 |       0 |   0.0 |      21 |       0 |   0.0
        D:2 |      50 |       0 |   0.0 |      23 |       0 |   0.0
        D:3 |      73 |      36 |  33.0 |      25 |       1 |   3.8
        D:4 |     130 |       4 |   3.0 |       6 |       3 |  33.3
            +---------+---------+-------+---------+---------+-------

Illustrated notes

Table legend:
 A = Kills in this place as a percentage of kills in entire the game.
 B = Kills by you in this place as a percentage of kills by you in the entire game.
 C = Kills by friends in this place as a percentage of kills by friends in the entire game.
 D = Other kills in this place as a percentage of other kills in the entire game.
 E = Experience gained in this place as a percentage of experience gained in the entire game.
 F = Experience gained in this place divided by the number of levels of this place that you have seen.
                   A       B       C       D       E      F
               +-------+-------+-------+-------+-------+----------------------
         Total | 100.0 | 100.0 | 100.0 |   N/A | 100.0 |  83.2
       Dungeon | 100.0 | 100.0 | 100.0 |   N/A | 100.0 |  83.2
               +-------+-------+-------+-------+-------+----------------------

Table legend: (Time is in decaauts)
 A = Elapsed time spent in this place.
 B = Non-inter-level travel time spent in this place.
 C = Inter-level travel time spent in this place.
 D = Time resting spent in this place.
 E = Time spent auto-exploring this place.
 F = Levels seen in this place.
 G = Mean time per level.
                   A        B        C        D        E       F      G
               +--------+--------+--------+--------+--------+-----+--------+
         Total |   3358 |   3243 |    115 |    270 |   2509 |   4 |  839.5 |
       Dungeon |   3358 |   3243 |    115 |    270 |   2509 |   4 |  839.5 |
               +--------+--------+--------+--------+--------+-----+--------+

Top non-repeatable levels by time:
     D:2: 1097 daAuts
     D:1: 988 daAuts
     D:3: 780 daAuts
     D:4: 492 daAuts
